 Dungeon Crawl Stone Soup version 0.31-a0-845-g9abc20d24f (webtiles) character file.

Game seed: 6536413985307185598

11912 Kurtz the Cleaver (level 11, 0/77 HPs)
             Began as an Octopode Fighter on Oct 1, 2023.
             Was an Initiate of Gozag.
             Killed from afar by a catoblepas (8 damage)
             ... with a blast of calcifying dust
             ... on level 1 of the Lair of Beasts on Oct 2, 2023.
             The game lasted 00:16:31 (12222 turns).

Kurtz the Cleaver (Octopode Fighter)               Turns: 12222, Time: 00:16:32

Health: 0/77       AC:  1    Str: 16    XL:     11   Next: 85%
Magic:  11/11      EV: 15    Int: 11    God:    Gozag
Gold:   817        SH: 15    Dex: 15    Spells: 10/10 levels left

rFire   . . .        P - +2 broad axe (elec)
rCold   . . .        H - +0 kite shield
rNeg    . . .        (helmet restricted)
rPois   .            s - amulet of reflection
rElec   .            x - ring of willpower
rCorr   .            (no ring)
SInv    .            (no ring)
Will    +....        (no ring)
Stlth   +++          (no ring)
HPRegen 0.32/turn    (no ring)
MPRegen 0.12/turn    (no ring)
                     (no ring)

%: reflection
@: hasted, very quick
A: almost no armour, amphibious, 8 rings, camouflage 1, gelatinous body 1,
(nimble swimmer 1), tentacles
a: Renounce Religion, Potion Petition, Call Merchant, Bribe Branch


You were on level 1 of the Lair of Beasts.
You worshipped Gozag.
Gozag was pleased with you.
You visited 3 branches of the dungeon, and saw 13 of its levels.

You collected 1400 gold pieces.
You spent 441 gold pieces at shops.
You paid 142 gold pieces to Gozag.

Inventory:

Hand Weapons
 a - the +1 war axe of Valiance {flame, rF+ Int+5 Dex+2 Stlth-}
   (You acquired it on level 10 of the Dungeon)

   Int+5:     It affects your intelligence (+5).
   Dex+2:     It affects your dexterity (+2).
   rF+:       It protects you from fire.
   Stlth-:    It makes you less stealthy.
 I - a +1 flail of protection
 P - a +2 broad axe of electrocution (weapon)
Missiles
 t - 2 throwing nets
 A - 24 poisoned darts
 L - a curare-tipped dart
Armour
 b - a +0 buckler
 H - a +0 kite shield (worn)
Jewellery
 o - a ring of fire
 s - an amulet of reflection (around mantle)
 x - a ring of willpower (left tentacle)
 E - an amulet of guardian spirit
 O - a ring of magical power
Wands
 q - a wand of charming (8)
 F - a wand of acid (1) (quivered)
Scrolls
 e - 2 scrolls of fog
 f - 8 scrolls of teleportation
 g - a scroll of blinking
 h - a scroll of vulnerability {unknown}
 i - 3 scrolls of immolation
 j - 5 scrolls of fear {unknown}
 p - 6 scrolls of enchant armour {unknown}
 r - 2 scrolls of silence {unknown}
 v - 2 scrolls of revelation
 w - 3 scrolls of amnesia {unknown}
 y - a scroll of torment {unknown}
 M - a scroll of poison {unknown}
 N - a scroll of enchant weapon {unknown}
Potions
 c - a potion of might
 d - 2 potions of resistance
 k - 3 potions of lignification
 l - 3 potions of mutation
 n - a potion of heal wounds {unknown}
 u - 2 potions of curing
 B - 2 potions of brilliance {unknown}
 C - 2 potions of attraction {unknown}
 G - a potion of berserk rage {unknown}
 J - a potion of invisibility
 K - a potion of cancellation


   Skills:
 + Level 8.0 Fighting
 * Level 13.6 Axes
 - Level 8.2 Dodging
 - Level 2.1 Stealth
 + Level 7.4 Shields


You had 10 spell levels left.
You didn't know any spells.
Your spell library contained the following spells:

 Spells                   Type           Power      Damage    Failure   Level
 Magic Dart               Conj           0%         1d3       65%         1
 Summon Small Mammal      Summ           0%         N/A       65%         1
 Blink                    Tloc           0%         N/A       78%         2
 Searing Ray              Conj           0%         2d4       78%         2
 Call Canine Familiar     Summ           0%         N/A       95%         3
 Summon Guardian Golem    Hex/Summ       0%         N/A       95%         3
 Fulminant Prism          Conj/Hex       0%         3d5       100%        4
 Manifold Assault         Tloc           0%         N/A       100%        4
 Olgreb's Toxic Radiance  Pois           0%         N/A       100%        4
 Discord                  Hex            0%         N/A       100%        8
 Ignition                 Fire           0%         3d3       100%        8


Dungeon Overview and Level Annotations

Branches:
Dungeon (11/15)            Temple (1/1) D:7            Lair (1/5) D:10
    Orc: D:9-12

Altars:
Ashenzari
Cheibriados
Dithmenos
Elyvilon
Fedhas
Gozag
Hepliaklqana
Kikubaaqudgha
Makhleb
Nemelex Xobeh
Okawaru
Qazlal
Ru
Sif Muna
Trog
Uskayaw
Vehumet
Wu Jian
Xom
Yredelemnul
Zin
The Shining One

Shops:
D:4 ?:=   D:9 !


Innate Abilities, Weirdness & Mutations

You cannot wear most types of armour.
You are amphibious.
You can wear up to eight rings at the same time.
Your skin changes colour to match your surroundings (Stealth+).
Your rubbery body absorbs attacks. (AC +1, EV +1)
((You are camouflaged when in or above water. (Stealth+)))
You have tentacles for arms and can constrict up to eight enemies at once.


Message History

The plant is engulfed in calcifying dust.
A nearby plant withers and dies.
You are engulfed in calcifying dust.
The catoblepas gores you!!
You are engulfed in calcifying dust.
The catoblepas gores you! The catoblepas gores you!!
The catoblepas breathes a plume of calcifying dust at you.
The blast of calcifying dust hits you.
* * * LOW HITPOINT WARNING * * *
You turn to flesh and can move again.
You are engulfed in calcifying dust.
The catoblepas attacks as it pursues you!
The catoblepas misses you.
Okay, then.
The catoblepas attacks as it pursues you!
You block the catoblepas's attack.
The catoblepas breathes a plume of calcifying dust at you.
The blast of calcifying dust hits you.
* * * LOW HITPOINT WARNING * * *
The catoblepas breathes a plume of calcifying dust at you.
The blast of calcifying dust hits you!
* * * LOW HITPOINT WARNING * * *
The catoblepas breathes a plume of calcifying dust at you.
The blast of calcifying dust hits you!
* * * LOW HITPOINT WARNING * * *
Blink to where?
Press: ? - help, Dir - move target Floosh!
As you read the scroll of blinking, it crumbles to dust.
Blink to where?
Press: ? - help, Dir - move target A komodo dragon comes into view.
Found 26 gold pieces and 5 stones.
As you read the scroll of blinking, it crumbles to dust.
Okay, then.
As you read the scroll of fog, it dissolves into smoke.
You feel yourself speed up.
The catoblepas breathes a plume of calcifying dust at you.
The blast of calcifying dust hits you!
You die...
Your body crumbles into a pile of gold.

♣~.###$.....P~P~~~~~~~♣♣
~~...~~♣P# ##.....P~~~~~~~≈≈~♣
YP~...~~~♣####....~~P~~~~≈≈≈≈♣
~P....~P~♣♣........~~~~Y≈≈≈≈≈~
~~~...~~~♣♣.......~~~~~≈≈≈≈≈≈~
~~~.$.~~♣♣♣.<.......~~~≈§≈≈≈≈~
~~~~..~~ ♣........~~~~≈≈§≈≈~~
≈P~...~ ♣♣.....(.~~~PP~≈≈§≈≈~
♣...@§§.YPP~P~~≈≈≈§~~
♣#..#§§§§.P~~P~P~~§♣♣
####§§§§~~§P~~~~♣♣♣
####§§§§..~#P#♣♣♣
##..§#§§§.##### #.....§§§##
#...l..$#.# .....$...###
..(....###


There were no monsters in sight!

Vanquished Creatures
  A boulder beetle (D:11)
  4 two-headed ogres
  Pikel (D:5)
  A cyclops (D:11)
  Psyche (D:10)
  A troll (shapeshifter) (D:11)
  A polar bear (Lair:1)
  Grinder (D:6)
  2 shadows
  2 wraiths (D:11)
  Sigmund (D:6)
  8 yaks
  A vampire (D:11)
  Eustachio (D:5)
  2 wyverns
  A steam dragon (D:10)
  A vampire mosquito (D:11)
  An acid dragon (D:11)
  A water moccasin (D:7)
  2 ice beasts (D:6)
  7 orc warriors
  3 ogres
  A black bear (D:5)
  A wolf (D:8)
  A centaur (D:6)
  3 kobold brigands
  2 phantoms
  2 gnoll sergeants
  2 bullfrogs (D:7)
  Blork the orc (D:6)
  2 scorpions
  5 wights (D:9)
  An electric eel (Lair:1)
  3 jellies
  6 hounds
  2 sleepcaps
  A gnoll bouda (D:9)
  5 iguanas
  4 orc priests
  Jessica (D:2)
  3 orc wizards
  15 gnolls
  9 adders
  A white imp (D:8)
  5 ufetubi
  3 worms
  3 dart slugs
  26 orcs
  4 ball pythons
  3 endoplasms
  2 giant cockroaches
  8 goblins
  8 hobgoblins
  4 jackals (D:4)
  15 kobolds
  3 quokkas
  3 bats (D:1)
  2 frilled lizards
  5 rats
209 creatures vanquished.

Vanquished Creatures (collateral kills)
  Grum (D:8)
  3 vampire mosquitoes (D:11)
  2 wolves (D:8)
  A bullfrog (D:8)
7 creatures vanquished.

Vanquished Creatures (others)
  A yak (D:10)
  A steam dragon (D:8)
  A bullfrog (D:8)
  An orc wizard (D:8)
  An orc (D:4)
5 creatures vanquished.

Grand Total: 221 creatures vanquished

Notes
Turn   | Place    | Note
-------+----------+-------------------------------------------
     0 | D:1      | Kurtz the Octopode Fighter began the quest for the Orb.
     0 | D:1      | Reached XP level 1. HP: 16/16 MP: 1/1
   122 | D:1      | Reached XP level 2. HP: 18/21 MP: 2/2
   206 | D:1      | Reached skill level 3 in Axes
   233 | D:1      | Found a faded altar of an unknown god.
   401 | D:1      | Reached XP level 3. HP: 26/26 MP: 3/3
   725 | D:2      | Found a hide-covered altar of Uskayaw.
   821 | D:2      | Noticed Jessica
   827 | D:2      | Killed Jessica
   828 | D:2      | Reached skill level 4 in Axes
   828 | D:2      | Reached XP level 4. HP: 31/31 MP: 4/4
  1998 | D:4      | Found Jofinip's Book Boutique.
  2087 | D:4      | Found a broken altar of Ashenzari.
  2136 | D:4      | Reached XP level 5. HP: 36/36 MP: 5/5
  2159 | D:4      | Reached skill level 5 in Axes
  2252 | D:4      | Found a sacrificial altar of Ru.
  2315 | D:4      | Found Kooll's Jewellery Boutique.
  2353 | D:4      | Noticed an ogre
  2360 | D:4      | Killed an ogre
  2397 | D:4      | Found Horeur's Magic Scroll Boutique.
  2405 | D:4      | Bought a scroll of identify for 28 gold pieces
  2405 | D:4      | Bought a scroll of revelation for 105 gold pieces
  2514 | D:5      | Entered Level 5 of the Dungeon
  2566 | D:5      | Reached XP level 6. HP: 42/42 MP: 6/6
  2587 | D:5      | Noticed Pikel
  2598 | D:5      | Killed Pikel
  2599 | D:5      | Reached skill level 7 in Axes
  2599 | D:5      | Reached XP level 7. HP: 42/48 MP: 7/7
  2666 | D:5      | Reached skill level 8 in Axes
  2666 | D:5      | Noticed Eustachio
  2688 | D:5      | Killed Eustachio
  2689 | D:5      | Reached XP level 8. HP: 54/54 MP: 8/8
  3383 | D:5      | Reached skill level 5 in Shields
  3831 | D:6      | Reached XP level 9. HP: 60/60 MP: 9/9
  4093 | D:6      | Reached skill level 5 in Dodging
  4097 | D:6      | Noticed Grinder
  4105 | D:6      | Killed Grinder
  4359 | D:6      | Noticed Blork the orc
  4368 | D:6      | Killed Blork the orc
  4474 | D:6      | Noticed Sigmund
  4487 | D:6      | Killed Sigmund
  4488 | D:6      | Reached skill level 9 in Axes
  4532 | D:6      | Found a shimmering blue altar of Sif Muna.
  5276 | D:7      | Reached skill level 10 in Axes
  5310 | D:7      | Found a staircase to the Ecumenical Temple.
  5347 | Temple   | Entered the Ecumenical Temple
  5365 | Temple   | Became a worshipper of Gozag Ym Sagoz the Greedy
  5740 | D:7      | Found a shadowy altar of Dithmenos.
  5992 | D:8      | Reached skill level 5 in Fighting
  6005 | D:8      | Killed Grum
  6006 | D:8      | Reached XP level 10. HP: 28/68 MP: 10/10
  6724 | D:8      | Found an iron altar of Okawaru.
  6731 | D:8      | Noticed a two-headed ogre
  6751 | D:8      | Killed a two-headed ogre
  7315 | D:8      | Reached skill level 1 in Stealth
  7594 | D:8      | Reached skill level 11 in Axes
  8120 | D:9      | Found a glowing golden altar of the Shining One.
  8131 | D:9      | Found an ancient bone altar of Kikubaaqudgha.
  8146 | D:9      | Noticed a two-headed ogre
  8163 | D:9      | Killed a two-headed ogre
  8304 | D:9      | Reached skill level 12 in Axes
  8358 | D:9      | Reached XP level 11. HP: 77/77 MP: 11/11
  8538 | D:9      | Found an ornate altar of the Wu Jian Council.
  8586 | D:9      | Found Otyasmupp's Distillery.
  8618 | D:9      | Bought a potion of curing for 33 gold pieces
  8618 | D:9      | Bought a potion of degeneration for 11 gold pieces
  8618 | D:9      | Bought a potion of mutation for 88 gold pieces
  8618 | D:9      | Bought a potion of invisibility for 88 gold pieces
  8618 | D:9      | Bought a potion of cancellation for 88 gold pieces
  8962 | D:10     | Entered Level 10 of the Dungeon
  9397 | D:10     | Noticed Psyche
  9404 | D:10     | Killed Psyche
  9732 | D:10     | Found a staircase to the Lair.
 10122 | D:10     | Noticed a two-headed ogre
 10146 | D:10     | Killed a two-headed ogre
 10376 | D:11     | Noticed a cyclops
 10402 | D:11     | Killed a cyclops
 10751 | D:11     | Noticed a boulder beetle
 10771 | D:11     | HP: 1/77 [boulder beetle (15)]
 10772 | D:11     | Killed a boulder beetle
 11106 | D:11     | Noticed a two-headed ogre
 11139 | D:11     | Killed a two-headed ogre
 11140 | D:11     | Reached skill level 13 in Axes
 11463 | D:11     | Identified 2 scrolls of acquirement
 11464 | D:11     | Acquired a +2 broad axe of electrocution
 11483 | D:10     | Acquired the +1 war axe of Valiance {flame, rF+ Int+5 Dex+2
                  | Stlth-}
 12026 | Lair:1   | Entered Level 1 of the Lair of Beasts
 12150 | Lair:1   | Noticed a catoblepas
 12222 | Lair:1   | Killed from afar by a catoblepas

Illustrated notes

Levels and vault maps discovered:
D:1:      minmay_arrival_stair_chambers, layout_rooms,
          hellmonk_ecumenical_altar_blasted, minivault_11
D:2:      layout_loops_ring, basic_altar, minivault_25, uniq_jessica
D:3:      layout_basic
D:4:      layout_basic, overflow_temple_1_default, mainiacjoe_overflow_24_doors,
          serial_shops, nicolae_lakefront_shop, nicolae_shop_peninsula,
          nicolae_shop_stone
D:5:      minmay_chambers_of_threes, layout_rooms,
          nicolae_concentric_dashed_squares_mild, minmay_starry_boxes,
          uniq_pikel, uniq_eustachio
D:6:      layout_basic, kennysheep_mini_moat, uniq_blork_the_orc, uniq_grinder,
          uniq_sigmund
D:7:      layout_basic, nicolae_dithmenos_shadow_blocks,
          minmay_temple_entry_drinking_statues
D:8:      layout_loops_cross, kennysheep_mini, uniq_grum
D:9:      layout_basic, mainiacjoe_overflow_large_starburst,
          mainiacjoe_overflow_alcove_2, serial_shops, shop
D:10:     layout_long_grid, lair_entry_dummy, uniq_psyche
D:11:     layout_cave_pods, uniq_josephine
Temple:   jpeg_temple_clearing
Lair:1:   layout_hall_layers, serial_bayou_ford_a,
          dreamdust_deal_with_the_devil, serial_bayou_shore_a,
          grunt_megastairs_2

Skill      XL: |  1  2  3  4  5  6  7  8  9 10 11 |
---------------+----------------------------------+-----
Axes           | 3 4 5 7 8 10 12 13 | 13.6
Fighting       | 4 5 7 8 |  8.0
Shields        | 6 7 |  7.4
Dodging        | 6 8 |  8.2
Stealth        | 2 |  2.1

Action                     |  1- 3 |  4- 6 |  7- 9 | 10-12 || total
---------------------------+-------+-------+-------+-------++-------
  Melee: War axe           |    44 |    56 |   203 |   230 ||   533
         Constrict         |    10 |    19 |    43 |    36 ||   108
         Tentacles         |     5 |    14 |    51 |   100 ||   170
         Punch             |       |     1 |     5 |    10 ||    16
         Hand axe          |       |       |       |    89 ||    89
         Broad axe         |       |       |       |    28 ||    28
  Throw: Dart              |       |       |     3 |    32 ||    35
  Evoke: Wand              |       |     6 |     3 |    19 ||    28
    Use: Scroll            |       |       |     2 |    10 ||    12
         Potion            |       |       |       |     2 ||     2
   Stab: Sleeping          |     4 |     5 |     3 |     4 ||    16
         Distracted        |       |       |     2 |     2 ||     4
         Betrayed ally     |       |       |       |     1 ||     1
 Armour: Skin              |    12 |    15 |    62 |   105 ||   194
  Dodge: Dodged            |    23 |    27 |   116 |   113 ||   279
  Block: Buckler           |     4 |    10 |    84 |    22 ||   120
         Reflection        |       |     1 |     3 |    13 ||    17
         Kite shield       |       |       |       |   175 ||   175

Table legend: (Time is in decaauts)
 A = Elapsed time spent in this place.
 B = Non-inter-level travel time spent in this place.
 C = Inter-level travel time spent in this place.
 D = Time resting spent in this place.
 E = Time spent auto-exploring this place.
 F = Levels seen in this place.
 G = Mean time per level.
                   A        B        C        D        E       F      G
               +--------+--------+--------+--------+--------+-----+--------+
         Total |  12316 |  11782 |    534 |   3460 |   6114 |  13 |  947.4 |
       Dungeon |  12081 |  11584 |    497 |   3375 |   6099 |  11 | 1098.3 |
        Temple |     36 |      1 |     35 |      0 |      0 |   1 |   36.0 |
          Lair |    197 |    197 |      0 |     85 |     15 |   1 |  197.0 |
               +--------+--------+--------+--------+--------+-----+--------+

Top non-repeatable levels by time:
     D:8: 1721 daAuts
    D:10: 1503 daAuts
     D:7: 1351 daAuts
    D:11: 1345 daAuts
     D:9: 1293 daAuts
     D:6: 1207 daAuts
     D:5: 1029 daAuts
     D:4: 682 daAuts
     D:3: 663 daAuts
     D:2: 649 daAuts
     D:1: 635 daAuts
  Lair:1: 197 daAuts
  Temple: 36 daAuts
